 Dungeon Crawl Stone Soup version 0.30-a0-137-gd8773701ce (webtiles) character file.

Game seed: 16642130429942727221

1034 Dreamer the Changer (level 8, 0/66 (68) HPs)
             Began as an Octopode Transmuter on Sept 23, 2022.
             Slain by an orc sorcerer
             ... wielding a +0 war axe
              (11 damage)
             ... in a bailey.
             The game lasted 00:21:36 (4632 turns).

Dreamer the Changer (Octopode Transmuter)           Turns: 4632, Time: 00:21:37

HP:   0/66 (68)     AC: 11    Str:  9    XL:     8   Next: 24%
MP:   9/11          EV: 10    Int: 18    God:
Gold: 139           SH:  0    Dex: 12    Spells: 6/11 levels left

rFire   x . .      SeeInvis .      - Unarmed
rCold   + + +      Faith    .    (shield currently unavailable)
rNeg    . . .      Spirit   .    (helmet currently unavailable)
rPois   +          Reflect  .    (no amulet)
rElec   .          Harm     .    m - +4 ring of protection
rCorr   .          Rampage  .    (no ring)
Will    .....                    (no ring)
Stlth   +.........               (no ring)
HPRegen 0.21/turn                (no ring)
MPRegen 0.12/turn                (no ring)
                                 (no ring)
                                 (no ring)

@: ice-form, lightly drained, invisible
A: freezing attack, boosted hp, almost no armour, amphibious, 8 rings, large,
(camouflage 1), (gelatinous body 1), (nimble swimmer 1), (tentacles), sense
surroundings 1, robust 1
a: End Transformation


You were in a bailey.
You were a creature of crystalline ice.
You visited 1 branch of the dungeon, and saw 7 of its levels.
You also visited: Bailey.

You collected 139 gold pieces.

Inventory:

Hand Weapons
 o - a +0 short sword of holy wrath
 x - a +4 dagger (melded)
Jewellery
 m - a +4 ring of protection (left front paw)
Scrolls
 c - 2 scrolls of teleportation
 d - 2 scrolls of vulnerability {unknown}
 f - a scroll of poison {unknown}
 g - 2 scrolls of fear {unknown}
 i - a scroll of noise {unknown}
 k - a scroll of torment {unknown}
 l - a scroll of summoning {unknown}
 n - a scroll of fog {unknown}
 q - a scroll of enchant weapon {unknown}
 r - a scroll of blinking {unknown}
 s - a scroll of enchant armour {unknown}
 v - a scroll of immolation {unknown}
Potions
 a - a potion of lignification
 b - a potion of mutation
 p - 2 potions of curing
 u - a potion of haste {unknown}
 w - a potion of brilliance {unknown}


   Skills:
 + Level 3.1 Fighting
 - Level 2.0 Dodging
 * Level 5.4 Unarmed Combat
 + Level 2.1 Spellcasting
 * Level 7.0 Transmutations
 - Level 3.0 Ice Magic


You had 6 spell levels left.
You knew the following spells:

 Your Spells              Type           Power      Damage    Failure   Level
a - Beastly Appendage     Tmut           54%        N/A       1%          1
b - Ice Form              Ice/Tmut       19%        N/A       22%         4

Your spell library contained the following spells:

 Spells                   Type           Power      Damage    Failure   Level
 Wereblood                Tmut           27%        N/A       1%          2
 Spider Form              Tmut/Pois      14%        N/A       13%         3
 Blade Hands              Tmut           13%        N/A       28%         5
 Irradiate                Conj/Tmut      7%         3d14      75%         5
 Dragon Form              Tmut           13%        N/A       100%        7


Dungeon Overview and Level Annotations

Branches:
Dungeon (7/15)             Bailey (1/1)
 Temple: D:4-7

Altars:
Elyvilon
Fedhas
Ru
Trog
Wu Jian
Xom
Yredelemnul

Shops:
D:4 (

Annotations:
D:7 exclusion: centaur


Innate Abilities, Weirdness & Mutations

You are a creature of crystalline ice.
You have a powerful freezing melee attack.
Your maximum health is increased.
Your armour is entirely melded.
You are incapable of wielding weapons or throwing items.
You cannot wear most types of armour.
You are amphibious.
You can wear up to eight rings at the same time.
((Your skin changes colour to match your surroundings (Stealth+).))
((Your rubbery body absorbs attacks. (AC +1, EV +1)))
((You are camouflaged when in or above water. (Stealth+)))
((You have tentacles for arms and can constrict up to eight enemies at once.))
You passively map a small area around you.
You are robust. (+10% HP)


Message History

The orc sorcerer hits you with a +0 war axe.
You hit the orc sorcerer but do no damage.
The orc sorcerer hits you with a +0 war axe.
You hit the orc sorcerer but do no damage.
The orc sorcerer hits you but does no damage.
You barely miss the orc sorcerer.
The orc sorcerer hits you with a +0 war axe.
You hit the orc sorcerer but do no damage.
You barely miss the orc sorcerer. The orc sorcerer casts a spell at you.
You resist with significant effort.
You barely miss the orc sorcerer.
The orc sorcerer hits you with a +0 war axe.
You punch the orc sorcerer! You freeze the orc sorcerer.
The orc sorcerer is moderately wounded.
The orc sorcerer hits you with a +0 war axe.
You hit the orc sorcerer but do no damage.
The orc sorcerer is moderately wounded.
The orc sorcerer points at you and mumbles some strange words.
You suddenly lose the ability to move!
The orc sorcerer hits you but does no damage.
The orc sorcerer hits you with a +0 war axe!
The orc sorcerer hits you with a +0 war axe!
* * * LOW HITPOINT WARNING * * *
You can move again.
You hit the orc sorcerer but do no damage.
The orc sorcerer is lightly wounded.
The orc sorcerer hits you with a +0 war axe.
* * * LOW HITPOINT WARNING * * *
You fade into invisibility!
The orc sorcerer gestures at you while chanting.
You shrug off the repeated paralysis!
You hit the orc sorcerer. You freeze the orc sorcerer.
The orc sorcerer is moderately wounded.
The orc sorcerer hits you with a +0 war axe.
* * * LOW HITPOINT WARNING * * *
You barely miss the orc sorcerer.
The orc sorcerer is moderately wounded.
The orc sorcerer hits you with a +0 war axe!
You die...

, , , #≈≈≈≈≈#
############# * #≈≈≈≈≈#
...)#[......# #≈≈≈≈≈#
...)')8.8.8.# , #≈≈≈≈≈#
#########...######≈≈≈≈≈#
,,#......#.)≈≈≈≈≈# , , ,
#......#.~≈≈≈≈.######
,,,#####'o#.~≈≈≈≈......#
**
#..[.)#Y~≈≈≈≈......###
,,
#....)o[.............# ,
,
*#..⌠..').........∩..∩#
,,
#.....'..............#
#.....#.~≈≈≈≈......###
####++#.~≈≈≈≈...)..# ,
,#.~≈≈≈≈.###### ,
#.~≈≈≈≈≈# ** ###≈≈≈≈≈#


You could see an orc sorcerer.

Vanquished Creatures
  4 orc warriors (Bailey)
  An ice beast (D:7)
  An ogre (D:4)
  A phantom (D:4)
  A necrophage (D:6)
  A scorpion (D:4)
  An orc priest (D:5)
  A jelly (D:5)
  Terence (D:2)
  3 orc wizards
  A gnoll (Bailey)
  2 adders
  4 worms
  A dart slug (D:2)
  15 orcs
  7 endoplasms
  2 giant cockroaches
  11 goblins
  7 hobgoblins
  5 quokkas
  5 ball pythons
  6 bats
  7 frilled lizards
  5 kobolds
  3 rats
  A butterfly (D:5)
97 creatures vanquished.

Notes
Turn   | Place    | Note
-------+----------+-------------------------------------------
     0 | D:1      | Dreamer the Octopode Transmuter began the quest for the
                  | Orb.
     0 | D:1      | Reached XP level 1. HP: 13/13 MP: 3/3
   168 | D:1      | Reached XP level 2. HP: 18/18 MP: 3/5
   336 | D:1      | Found a faded altar of an unknown god.
   472 | D:1      | Reached skill level 1 in Ice Magic
   871 | D:1      | Reached skill level 3 in Transmutations
  1075 | D:2      | Reached XP level 3. HP: 16/23 MP: 6/6
  1564 | D:2      | Noticed Terence
  1782 | D:3      | Found a white marble altar of Elyvilon.
  1908 | D:3      | Reached XP level 4. HP: 21/28 MP: 5/7
  1914 | D:3      | Learned a level 4 spell: Ice Form
  2050 | D:3      | Found an ornate altar of the Wu Jian Council.
  2057 | D:3      | Found a basalt altar of Yredelemnul.
  2060 | D:3      | Found a sacrificial altar of Ru.
  2060 | D:3      | Found a blossoming altar of Fedhas.
  2070 | D:3      | Found a bloodstained altar of Trog.
  2179 | D:3      | Reached skill level 4 in Transmutations
  2558 | D:4      | Noticed a scorpion
  2596 | D:4      | Reached XP level 5. HP: 33/33 MP: 8/8
  2761 | D:4      | Found Ukiudige's Weapon Boutique.
  2928 | D:4      | Noticed an ogre
  3151 | D:4      | Noticed a phantom
  3165 | D:4      | Killed a phantom
  3166 | D:4      | Reached skill level 5 in Transmutations
  3166 | D:4      | Reached XP level 6. HP: 24/38 MP: 9/9
  3288 | D:4      | Found a shimmering altar of Xom.
  3458 | D:5      | Entered Level 5 of the Dungeon
  3537 | D:2      | Killed Terence
  3796 | D:5      | Gained mutation: You are robust. (+10% HP) [potion of
                  | mutation]
  3796 | D:5      | Gained mutation: You passively map a small area around you.
                  | [potion of mutation]
  3842 | D:5      | You fall into a shaft and drop 2 floors!
  3880 | D:7      | Found a flagged portal.
  3880 | D:7      | Noticed a sky beast
  3913 | D:7      | Noticed an ice beast
  3923 | D:7      | Killed an ice beast
  3924 | D:7      | Reached skill level 6 in Transmutations
  3924 | D:7      | Reached XP level 7. HP: 49/49 MP: 7/10
  4009 | Bailey   | Entered a bailey
  4449 | Bailey   | Reached skill level 5 in Unarmed Combat
  4454 | Bailey   | Reached XP level 8. HP: 57/57 MP: 9/11
  4543 | Bailey   | Reached skill level 7 in Transmutations
  4545 | Bailey   | Noticed an orc sorcerer
  4625 | Bailey   | Paralysed by an orc sorcerer for 3 turns
  4632 | Bailey   | Slain by an orc sorcerer

Illustrated notes

Levels and vault maps discovered:
D:1:      dpeg_arrival_shrine, layout_basic, basic_ecumenical_altar
D:2:      layout_basic, hangedman_decor_growths, uniq_terence
D:3:      layout_rooms, nicolae_elyvilon_peaceful_grove,
          nicolae_overflow_hallway_of_the_gods
D:4:      layout_basic, xom_butterflies, serial_curves, eino_curves_02,
          eino_curves_01, serial_shops, nicolae_inconvenience_store
D:5:      layout_basic, temple_statues, amethyst_killhole,
          lemuel_flamethrower_1, uniq_menkaure, uniq_ijyb, uniq_eustachio,
          uniq_blork_the_orc
D:6:      layout_cave_pools, serial_shops, shop, minivault_22
D:7:      layout_cave_pools, enter_bailey_5, kb_rosetta
Bailey:   bailey_axe_of_yendor_kennysheep, bailey

Skill      XL: |  1  2  3  4  5  6  7  8 |
---------------+-------------------------+-----
Ice Magic      | 1 2 3 |  3.0
Transmutations | 3 4 5 6 7 |  7.0
Fighting       | 2 3 |  3.1
Unarmed Combat | 4 5 |  5.4
Dodging        | |  2.0
Spellcasting   | |  2.1

Action                   |  1- 3 |  4- 6 |  7- 9 || total
-------------------------+-------+-------+-------++-------
Melee: Unarmed           |    59 |    31 |    92 ||   182
       Constrict         |    22 |    14 |       ||    36
       Kick              |    17 |     5 |       ||    22
       Tentacles         |    19 |    12 |       ||    31
       Short sword       |    34 |    18 |       ||    52
       Punch             |     3 |     2 |       ||     5
       Dagger            |       |    39 |       ||    39
 Cast: Beastly Appendage |    32 |     4 |       ||    36
       Ice Form          |       |     4 |     6 ||    10
  Use: Scroll            |       |     2 |     3 ||     5
       Potion            |       |     1 |     1 ||     2
 Stab: Sleeping          |     5 |     2 |       ||     7
Armor: Skin              |     8 |    18 |    34 ||    60
Dodge: Dodged            |    43 |    43 |    29 ||   115

Table legend: (Time is in decaauts)
 A = Elapsed time spent in this place.
 B = Non-inter-level travel time spent in this place.
 C = Inter-level travel time spent in this place.
 D = Time resting spent in this place.
 E = Time spent auto-exploring this place.
 F = Levels seen in this place.
 G = Mean time per level.
                   A        B        C        D        E       F      G
               +--------+--------+--------+--------+--------+-----+--------+
         Total |   4616 |   4332 |    284 |   1021 |   1981 |   8 |  577.0 |
       Dungeon |   4001 |   3717 |    284 |    640 |   1981 |   7 |  571.6 |
        Bailey |    615 |    615 |      0 |    381 |      0 |   1 |  615.0 |
               +--------+--------+--------+--------+--------+-----+--------+

Top non-repeatable levels by time:
     D:1: 1042 daAuts
     D:2: 875 daAuts
     D:4: 865 daAuts
     D:3: 813 daAuts
  Bailey: 615 daAuts
     D:5: 241 daAuts
     D:7: 144 daAuts
     D:6: 19 daAuts
